 Dungeon Crawl Stone Soup version 0.30-a0-867-g305f33218d (webtiles) character file.

Game seed: 15418372908943122782

191 cforsyth the Magician (level 5, -3/28 HPs)
             Began as a Deep Elf Earth Elementalist on Mar 10, 2023.
             Killed by nerve-wracking pain
             ... invoked by an orc priest
              (9 damage)
             ... on level 3 of the Dungeon.
             The game lasted 00:02:51 (2885 turns).

cforsyth the Magician (Deep Elf Earth Elementalist) Turns: 2885, Time: 00:02:52

Health: -3/28      AC:  3    Str:  5    XL:     5   Next: 42%
Magic:  8/15       EV: 12    Int: 22    God:
Gold:   262        SH:  0    Dex: 15    Spells: 14/15 levels left

rFire   . . .      SeeInvis .    (no weapon)
rCold   . . .      Faith    .    (no shield)
rNeg    . . .      Spirit   .    a - +0 robe
rPois   .          Reflect  .    (no helmet)
rElec   .          Rampage  .    (no cloak)
rCorr   .                        (no gloves)
Will    .....                    r - +0 pair of boots
Stlth   ++                       (no amulet)
HPRegen 0.24/turn                (no ring)
MPRegen 0.14/turn                (no ring)

@: no status effects
A: no striking features
a: no special abilities


You were on level 3 of the Dungeon.
You visited 1 branch of the dungeon, and saw 3 of its levels.

You collected 262 gold pieces.

Inventory:

Armour
 a - a +0 robe (worn)
 r - a +0 pair of boots (worn)
Jewellery
 d - a ring of poison resistance
 j - a ring of wizardry
 k - a ring of wizardry
Scrolls
 c - 3 scrolls of teleportation {unknown}
 f - 4 scrolls of immolation
 g - a scroll of fear {unknown}
 i - 4 scrolls of identify {unknown}
 l - 2 scrolls of fog {unknown}
 o - a scroll of vulnerability {unknown}
 p - a scroll of noise {unknown}
 q - a scroll of amnesia {unknown}
 t - a scroll of enchant weapon {unknown}
 u - 3 scrolls of magic mapping {unknown}
 v - a scroll of torment {unknown}
Potions
 b - a potion of magic
 e - 4 potions of lignification {unknown}
 h - a potion of ambrosia {unknown}
 m - a potion of flight {unknown}
 n - a potion of haste {unknown}
 s - 6 potions of curing {unknown}
 w - a potion of mutation {unknown}


   Skills:
 - Level 2.4 Dodging
 - Level 2.4 Stealth
 + Level 5.8 Spellcasting
 - Level 1.1 Transmutations
 + Level 5.3 Earth Magic


You had 14 spell levels left.
You knew the following spells:

 Your Spells              Type           Power      Damage    Failure   Level
a - Sandblast             Erth           58%        2d13      1%          1

Your spell library contained the following spells:

 Spells                   Type           Power      Damage    Failure   Level
 Passwall                 Tmut/Erth      16%        N/A       3%          2
 Stone Arrow              Conj/Erth      36%        3d9       10%         3
 Petrify                  Tmut/Erth      20%        N/A       24%         4
 Tukima's Dance           Hex            6%         N/A       28%         3
 Passage of Golubria      Tloc           6%         N/A       67%         4
 Yara's Violent Unravell  Hex/Tmut       4%         3d4       90%         5


Dungeon Overview and Level Annotations

Branches:
Dungeon (3/15)

Altars:
Makhleb
Ru

Shops:
D:2 !


Message History

Casting: Sandblast (safe; 1% risk of failure)
Confirm with . or Enter, or press ? or * to list all spells.
Aiming: Sandblast (safe; 1% risk of failure)
Press: ? - help, Shift-Dir - straight line, f - orc priest, p - orc priest
Aim: an orc priest, wielding a +0 short sword and wearing a +0 leather armour (83% to hit)
The blast of sand hits the orc priest.
The orc priest is severely wounded.
The orc priest misses you.
The orc priest looks satisfied for a moment.
The orc priest mumbles some strange prayers to Beogh against you.
Beogh smites you!
* * * LOW HITPOINT WARNING * * *
Casting: Sandblast (safe; 1% risk of failure)
Confirm with . or Enter, or press ? or * to list all spells.
Aiming: Sandblast (safe; 1% risk of failure)
Press: ? - help, Shift-Dir - straight line, f/p - orc priest
Aim: an orc priest, wielding a +0 short sword and wearing a +0 leather armour (83% to hit)
The blast of sand misses the orc priest.
The blast of sand hits the orc priest.
The orc priest is moderately wounded.
The orc priest hits you with a +0 club.
* * * LOW HITPOINT WARNING * * *
Casting: Sandblast (safe; 1% risk of failure)
Confirm with . or Enter, or press ? or * to list all spells.
Aiming: Sandblast (safe; 1% risk of failure)
Press: ? - help, Shift-Dir - straight line, f/p - orc priest
Aim: an orc priest, wielding a +0 short sword and wearing a +0 leather armour (moderately wounded, 83% to hit)
The blast of sand hits the orc priest!
You kill the orc priest!
The orc priest closely misses you.
Casting: Sandblast (safe; 1% risk of failure)
Confirm with . or Enter, or press ? or * to list all spells.
Aiming: Sandblast (safe; 1% risk of failure)
Press: ? - help, Shift-Dir - straight line, f/p - orc priest
Aim: an orc priest, wielding a +0 short sword and wearing a +0 leather armour (moderately wounded, 83% to hit)
The blast of sand hits the orc priest!
The orc priest is severely wounded.
The orc priest invokes the aid of Beogh against you.
Pain shoots through your body!
You die...

#..####.#........######.##
#..####.#.##.....# ##...#
#..##...........## #.....
#..##.#.#.####.## #.....
####.........# #.# #.....
#............# #.# ##....
#.##.......#.# ##'## ####.
#.##.##..###.###...## #.
#.##.....# #@##.....## ##.
#.##.##.## #o#.......## ##..
#.......)###))........####...
####..................'......
##..)...####.........####...
#......## ##.......## ##..
#.....## ##.....## ##.
#.....# ##...## #. ##...##
##'## #.


You could see an orc priest.

Vanquished Creatures
  An orc priest (D:3)
  Jessica (D:2)
  A hound zombie (D:3)
  3 adders
  An adder zombie (D:3)
  An adder skeleton (D:3)
  A worm (D:2)
  A dart slug (D:3)
  3 orcs (D:3)
  9 ball pythons
  7 endoplasms
  4 giant cockroaches
  14 hobgoblins
  A jackal (D:1)
  2 quokkas
  4 bats
  2 frilled lizards
  5 goblins
  7 kobolds
  A quokka skeleton (D:3)
  8 rats
77 creatures vanquished.

Notes
Turn   | Place    | Note
-------+----------+-------------------------------------------
     0 | D:1      | cforsyth the Deep Elf Earth Elementalist began the quest
                  | for the Orb.
     0 | D:1      | Reached XP level 1. HP: 10/10 MP: 6/6
    47 | D:1      | Reached XP level 2. HP: 7/15 MP: 0/8
   310 | D:1      | Found a faded altar of an unknown god.
   454 | D:1      | Reached XP level 3. HP: 19/19 MP: 6/10
  1151 | D:2      | Noticed Jessica
  1156 | D:2      | Killed Jessica
  1157 | D:2      | Reached XP level 4. HP: 20/24 MP: 9/12
  1251 | D:2      | Found Pyist's Distillery.
  1343 | D:2      | Reached skill level 5 in Spellcasting
  1953 | D:3      | Found a burning altar of Makhleb.
  1953 | D:3      | Noticed a blizzard demon
  2216 | D:3      | Reached skill level 5 in Earth Magic
  2228 | D:3      | Found a sacrificial altar of Ru.
  2481 | D:3      | Reached XP level 5. HP: 28/28 MP: 9/14
  2885 | D:3      | Killed from afar by an orc priest

Illustrated notes

Levels and vault maps discovered:
D:1:      spicycebolla_arrival_clurvy, layout_rooms,
          hellmonk_ecumenical_altar_blasted, minmay_three_crescents
D:2:      minmay_door_path, layout_loops_ring, serial_shops, shop, uniq_jessica
D:3:      minmay_wonky_spiral, layout_loops_corners, makhleb_altar_promises_db,
          lemuel_round_altar, serial_undead, serial_undead_b, serial_undead_e,
          serial_undead_c, serial_undead_e

Skill      XL: |  1  2  3  4 |
---------------+-------------+-----
Spellcasting   | 4 5 |  5.8
Earth Magic    | 4 5 |  5.3
Dodging        | |  2.4
Stealth        | |  2.4
Transmutations | |  1.1

Action                     |  1- 3 |  4- 6 || total
---------------------------+-------+-------++-------
  Melee: Unarmed           |    10 |     1 ||    11
   Cast: Sandblast         |    45 |    53 ||    98
 Armour: Robe              |     1 |     1 ||     2
  Dodge: Dodged            |    12 |    19 ||    31

Table legend: (Time is in decaauts)
 A = Elapsed time spent in this place.
 B = Non-inter-level travel time spent in this place.
 C = Inter-level travel time spent in this place.
 D = Time resting spent in this place.
 E = Time spent auto-exploring this place.
 F = Levels seen in this place.
 G = Mean time per level.
                   A        B        C        D        E       F      G
               +--------+--------+--------+--------+--------+-----+--------+
         Total |   2933 |   2866 |     67 |      0 |   2488 |   3 |  977.7 |
       Dungeon |   2933 |   2866 |     67 |      0 |   2488 |   3 |  977.7 |
               +--------+--------+--------+--------+--------+-----+--------+

Top non-repeatable levels by time:
     D:3: 1096 daAuts
     D:2: 948 daAuts
     D:1: 887 daAuts
